 Dungeon Crawl Stone Soup version 0.25-a0-435-g4b9beb1024 (webtiles) character file.

Game seed: 6763398677672236028, levelgen mode: deterministic

1092 Emblim88 the Ruffian (level 8, -5/75 HPs)
             Began as a Troll Venom Mage on Jan 29, 2020.
             Slain by an orc warrior
             ... wielding a +0 flail
              (15 damage)
             ... on level 6 of the Dungeon.
             The game lasted 00:11:06 (3169 turns).

Emblim88 the Ruffian (Troll Venom Mage)             Turns: 3169, Time: 00:11:07

Health: -5/75      AC:  6    Str: 19    XL:     8   Next: 9%
Magic:  0/8        EV: 11    Int: 11    God:
Gold:   290        SH:  0    Dex: 10    Spells: 4/9 levels left

rFire    . . .     SeeInvis .     - Unarmed
rCold    . . .     Gourm    +   (no shield)
rNeg     . . .     Faith    .   a - +0 robe
rPois    .         Spirit   .   (helmet restricted)
rElec    .         Reflect  .   (no cloak)
rCorr    .         Harm     .   (gloves unavailable)
MR       .....                  (boots unavailable)
Stlth    +.........             (no amulet)
HPRegen  0.62/turn              (no ring)
MPRegen  0.11/turn              (no ring)

@: very slightly contaminated
A: large, unfitting armour, claws 3, fast metabolism 3, gourmand, regeneration
1, shaggy fur 1, tough skin 3
a: no special abilities


You were on level 6 of the Dungeon.
You were very full.

You visited 1 branch of the dungeon, and saw 6 of its levels.

You collected 290 gold pieces.

Inventory:

Missiles
 d - 174 stones
 g - 14 boomerangs (quivered)
Armour
 a - a +0 robe (worn)
Wands
 t - a wand of paralysis (14)
Scrolls
 e - a scroll of blinking {unknown}
 f - 4 scrolls of magic mapping
 h - 2 scrolls of teleportation
 n - a scroll of amnesia {unknown}
 o - a scroll of fear {unknown}
 q - a scroll of fog
 u - 2 scrolls of remove curse {unknown}
Potions
 b - 2 potions of magic
 i - a potion of mutation
 k - a potion of berserk rage {unknown}
 l - a potion of flight {unknown}
 m - 3 potions of lignification
 p - a potion of cancellation {unknown}
 r - a potion of heal wounds {unknown}
Comestibles
 c - 8 rations
 s - 19 chunks of flesh


   Skills:
 + Level 3.1 Fighting
 + Level 1.4 Throwing
 + Level 3.7 Dodging
 - Level 1.0 Stealth
 * Level 5.7 Unarmed Combat
 - Level 1.2 Spellcasting
 - Level 0.6 Transmutations
 + Level 3.8 Poison Magic


You had 4 spell levels left.
You knew the following spells:

 Your Spells              Type           Power        Failure   Level  Hunger
a - Sting                 Tmut/Pois      #...         13%         1    ##.....
b - Olgreb's Toxic Radia  Pois           #.......     54%         4    #####..

Your spell library contained the following spells:

 Spells                   Type           Power        Failure   Level  Hunger
 Poisonous Vapours        Pois/Air       #.....       22%         2    ###....
 Magic Dart               Conj           #...         32%         1    ##.....
 Searing Ray              Conj           #.....       43%         2    ###....
 Ignite Poison            Fire/Tmut/Pois #.......     45%         3    ####...
 Mephitic Cloud           Conj/Pois/Air  #.......     50%         3    ####...
 Dazzling Flash           Conj/Hex       #.....       67%         3    ####...
 Fulminant Prism          Conj/Hex       #.........   97%         4    #####..
 Iskenderun's Mystic Bla  Conj/Tloc      #.......     97%         4    #####..


Dungeon Overview and Level Annotations

Branches:
Dungeon (5/15)
 Temple: D:4-7

Altars:
Elyvilon
Okawaru
Trog
Wu Jian
Yredelemnul


Innate Abilities, Weirdness & Mutations

You are too large for most types of armour.
You have claws for hands.
Your metabolism is lightning-fast.
You like to eat raw meat.
Your natural rate of healing is unusually fast.
You are covered in fur. (AC +1)
You have extremely tough skin. (AC +3)


Message History

You feel better.
You kill the orc!
The orc warrior hits you with a +0 flail!!
* * * LOW HITPOINT WARNING * * *
You feel better.
The orc priest looks braver for a moment.
Casting: Olgreb's Toxic Radiance (very dangerous; 54% risk of failure)
Confirm with . or Enter, or press ? or * to list all spells.
You don't have enough magic to cast that spell.
You scratch the orc warrior.
The orc warrior is heavily wounded.
The orc warrior barely misses you.
You barely miss the orc warrior.
The orc warrior is heavily wounded.
The orc warrior hits you with a +0 flail!!
* * * LOW HITPOINT WARNING * * *
You claw the orc warrior!
The orc warrior is almost dead.
The orc warrior hits you with a +0 flail!
You die...

## .. .# .# .#
##)# #oo# #o# #@#
####.# #....#
##.#### #### #..#
...######.##
#......#.#####
##.....#.....##
##.............##


You could see an orc warrior and 2 orc priests.

Vanquished Creatures
  Pikel (D:4)
  4 slaves
  An ogre (D:5)
  A centaur (D:5)
  A scorpion (D:5)
  A crimson imp (D:5)
  A centaur zombie (D:5)
  2 orc priests
  5 orc wizards
  A worker ant (D:4)
  4 gnolls (D:2)
  4 adders
  An adder zombie (D:6)
  An ooze (D:2)
  4 worms
  A dart slug (D:2)
  2 leopard geckos
  11 orcs
  4 giant cockroaches
  5 goblins
  4 hobgoblins
  15 jackals
  3 quokkas
  2 ball pythons
  6 bats
  6 frilled lizards
  6 kobolds
  5 rats
102 creatures vanquished.

Notes
Turn   | Place    | Note
-------+----------+-------------------------------------------
     0 | D:1      | Emblim88 the Troll Venom Mage began the quest for the Orb.
     0 | D:1      | Reached XP level 1. HP: 16/16 MP: 1/1
   597 | D:1      | Reached XP level 2. HP: 20/26 MP: 2/2
   697 | D:2      | Reached skill level 1 in Unarmed Combat
   811 | D:2      | Found an ornate altar of the Wu Jian Council.
   829 | D:2      | Reached XP level 3. HP: 22/32 MP: 3/3
   874 | D:2      | Reached skill level 1 in Fighting
   875 | D:2      | Reached skill level 2 in Unarmed Combat
   879 | D:2      | Reached XP level 4. HP: 13/41 MP: 4/4
  1361 | D:3      | Learned a level 4 spell: Olgreb's Toxic Radiance
  1361 | D:3      | Found a faded altar of an unknown god.
  1698 | D:3      | Found a white marble altar of Elyvilon.
  1772 | D:4      | Found an iron altar of Okawaru.
  1891 | D:4      | Reached XP level 5. HP: 36/48 MP: 5/5
  1898 | D:4      | Reached skill level 3 in Unarmed Combat
  2002 | D:4      | Noticed a slave
  2002 | D:4      | Noticed a slave
  2018 | D:4      | Noticed a slave
  2018 | D:4      | Noticed a slave
  2039 | D:4      | Killed a slave
  2048 | D:3      | Killed a slave
  2095 | D:3      | Killed a slave
  2113 | D:4      | Killed a slave
  2183 | D:4      | Noticed Pikel
  2200 | D:4      | Killed Pikel
  2200 | D:4      | Reached skill level 4 in Unarmed Combat
  2200 | D:4      | Reached XP level 6. HP: 19/59 MP: 6/6
  2200 | D:4      | Reached XP level 7. HP: 22/66 MP: 7/7
  2761 | D:4      | Found a basalt altar of Yredelemnul.
  2784 | D:5      | Entered Level 5 of the Dungeon
  2789 | D:5      | Reached skill level 5 in Unarmed Combat
  2953 | D:5      | Found an iron altar of Okawaru.
  2963 | D:5      | Reached skill level 1 in Throwing
  2966 | D:5      | Reached XP level 8. HP: 47/75 MP: 8/8
  3018 | D:5      | Found a bloodstained altar of Trog.
  3123 | D:5      | You fall into a shaft and drop 1 floor!
  3169 | D:6      | Slain by an orc warrior

Levels and vault maps discovered:
D:1:      minmay_arrival_five_plusses, layout_basic
D:2:      layout_rooms, lemuel_crystal_altar
D:3:      layout_rooms, chequers_ecumenical_altar_island, elyvilon_altar_4
D:4:      layout_loops_ring, kennysheep_mini, serial_glass, glass_columns_c,
          glass_columns_b, glass_columns_b, glass_columns_b, glass_columns_b,
          okawaru_trees_2, uniq_pikel
D:5:      layout_rooms, overflow_temple_1_default, lemuel_round_altar,
          basic_altar, first_ration
D:6:      layout_rooms, minmay_temple_entry_statues_pillars, serial_shops,
          nicolae_shop_crystal, uniq_blork_the_orc

Skill      XL: |  1  2  3  4  5  6  7 |
---------------+----------------------+-----
Unarmed Combat | 1 2 4 5 |  5.7
Dodging        | 2 3 |  3.7
Fighting       | 1 2 3 |  3.1
Poison Magic   | 3 |  3.8
Throwing       | 1 |  1.4
Stealth        | |  1.0
Spellcasting   | |  1.2
Transmutations | |  0.6

Action                   |  1- 3 |  4- 6 |  7- 9 || total
-------------------------+-------+-------+-------++-------
Melee: Unarmed           |    92 |   157 |   118 ||   367
       Punch             |       |       |     4 ||     4
Throw: Stone             |       |     3 |       ||     3
       Boomerang         |       |     3 |    12 ||    15
 Cast: Olgreb's Toxic Ra |       |       |     1 ||     1
  Use: Scroll            |     4 |     5 |       ||     9
       Potion            |       |       |     4 ||     4
 Stab: Sleeping          |       |     2 |       ||     2
  Eat: Chunk             |    10 |    14 |    11 ||    35
Armor: Robe              |    39 |    66 |    32 ||   137
Dodge: Dodged            |    59 |   106 |    36 ||   201

Table legend:
 A = Non-vault XP
 B = Vault XP
 C = Vault XP percentage of total XP
 D = Non-vault monster count
 E = Vault monster count
 F = Vault count percentage of total count
                 A         B        C        D         E       F
            +---------+---------+-------+---------+---------+-------
      Total |     968 |     593 |  38.0 |      97 |       1 |   1.0
            +---------+---------+-------+---------+---------+-------
        D:1 |      12 |       0 |   0.0 |       7 |       0 |   0.0
        D:2 |     119 |       0 |   0.0 |      32 |       0 |   0.0
        D:3 |      85 |       0 |   0.0 |      20 |       0 |   0.0
        D:4 |     190 |     593 |  75.7 |      16 |       1 |   5.9
        D:5 |     537 |       0 |   0.0 |      18 |       0 |   0.0
        D:6 |      25 |       0 |   0.0 |       4 |       0 |   0.0
            +---------+---------+-------+---------+---------+-------
